 Dungeon Crawl Stone Soup version 0.20-a0-309-gcba9277 (webtiles) character file.

91546 Banto the Phalangite (level 15, -12/136 HPs)
             Began as a Minotaur Berserker on Dec 19, 2016.
             Was the Champion of Trog.
             Killed from afar by a lich (15 damage)
             ... with a bolt of acid
             ... on level 1 of the Depths.
             The game lasted 00:27:43 (17403 turns).

Banto the Phalangite (Minotaur Berserker)          Turns: 17403, Time: 00:27:44

Health: -12/136    AC: 31    Str: 24    XL:     15   Next: 55%
Magic:  14/14      EV:  2    Int:  8    God:    Trog [******]
Gold:   1347       SH:  0    Dex: 26    Spells: 14/14 levels left

rFire  + . .     SeeInvis .     f - +5 bardiche (holy)
rCold  + + .     Gourm    .     I - +7 chain mail of Vanity {rC++ Int+4}
rNeg   + + +     Faith    .     (shield currently unavailable)
rPois  ∞         Spirit   .     o - +0 hat
rElec  .         Reflect  .     D - +2 cloak of Uskayaw's Reproof {rF+ rN+ MR- Dex+8}
rCorr  .         Harm     .     E - +0 pair of gloves
MR     +....     Rnd*Rage +     m - +1 pair of boots
Stlth  .......... Rnd*Tele +    (no amulet)
                                C - +4 ring of protection
                                v - +6 ring of dexterity

@: petrified, corroded, very slightly contaminated, hasted
A: retaliatory headbutt, hooves 1, horns 2, molten scales 1, yellow scales 1,
berserk 1, blurry vision 1, clumsy 1, magic resistance 1, teleportitis 1,
subdued magic 1, sturdy frame 1
a: Berserk, Trog's Hand, Brothers in Arms, Burn Spellbooks, Renounce Religion


You were on level 1 of the Depths.
You worshipped Trog.
Trog was exalted by your worship.
You were very hungry.

You visited 4 branches of the dungeon, and saw 19 of its levels.
You visited the Abyss 1 time.
You also visited: Labyrinth, Sewer and Bailey.

You collected 2839 gold pieces.
You spent 1492 gold pieces at shops.

Inventory:

Hand Weapons
 f - a +5 bardiche of holy wrath (weapon)
 J - a +3 antimagic glaive
Armour
 m - a +1 pair of boots (worn)
 o - a +0 hat (worn)
 D - the +2 cloak of Uskayaw's Reproof (worn) {rF+ rN+ MR- Dex+8}
   (You found it on level 7 of the Dungeon)

   It affects your dexterity (+8).
   It protects you from fire.
   It protects you from negative energy.
   It affects your resistance to hostile enchantments.
 E - a +0 pair of gloves (worn)
 I - the +7 chain mail of Vanity (worn) {rC++ Int+4}
   (You found it on level 9 of the Dungeon)

   It affects your intelligence (+4).
   It greatly protects you from cold.
Jewellery
 b - an uncursed ring of flight
 k - an uncursed ring of positive energy
 v - a +6 ring of dexterity (left hand)
 x - an uncursed ring of protection from cold
 C - a +4 ring of protection (right hand)
 M - a cursed amulet of inaccuracy {unknown}
Wands
 A - a wand of enslavement (19/24)
 G - a wand of hasting (3/9)
 O - a wand of teleportation (8/9)
Scrolls
 e - 2 scrolls of fog
 h - 4 scrolls of teleportation
 l - 2 scrolls of fear
 n - 3 scrolls of remove curse
 p - a scroll of enchant armour
 r - 2 scrolls of blinking
 F - a scroll of magic mapping
 H - 2 scrolls of enchant weapon
 L - 6 scrolls of identify
 N - 2 scrolls of recharging
Potions
 d - 8 potions of flight
 g - 2 potions of berserk rage
 j - 2 potions of invisibility
 q - 7 potions of curing
 s - 2 potions of might
 t - 8 potions of heal wounds
 u - 3 potions of brilliance
 w - 3 potions of agility
 z - a potion of resistance
Books
 y - a book of Frost

   Spells                             Type                      Level
   a - Freeze                         Ice                          1
   b - Throw Frost                    Conjuration/Ice              2
   c - Ozocubu's Armour               Charms/Ice                   3
   d - Throw Icicle                   Conjuration/Ice              4
   e - Summon Ice Beast               Ice/Summoning                4
   Trog disapproves of the use of such an item.
Comestibles
 a - 5 fruits
 c - 11 bread rations
 i - 5 meat rations
 B - 8 slices of pizza
 K - 2 beef jerkies


   Skills:
 + Level 13.2 Fighting
 - Level 22.4 Polearms
 + Level 13.3 Armour
 + Level 12.1 Dodging


You had 14 spell levels left.
You didn't know any spells.

Dungeon Overview and Level Annotations

Branches:
Dungeon (15/15)            Temple (1/1) D:4            Lair (0/6) D:8
    Orc (2/2) D:12            Elf (0/3) Orc:2        Vaults (0/5) D:13
 Depths (1/5) D:15

Altars:
Ashenzari
Dithmenos
Elyvilon
Fedhas
Gozag
Hepliaklqana
Kikubaaqudgha
Nemelex Xobeh
Qazlal
Ru
Vehumet
Xom
Zin

Shops:
D:5 [![[:   D:8 *   D:15 [   Orc:1 }(   Orc:2 (}(}}


Innate Abilities, Weirdness & Mutations

You reflexively headbutt those who attack you in melee.
You have a pair of horns on your head.
You have large cloven feet.
You are partially covered in molten scales. (AC +2)
You are partially covered in yellow scales. (AC +2)
You tend to lose your temper in combat.
Scrolls take you a little longer to read.
You are clumsy. (Dex -2)
You are resistant to hostile enchantments. (MR+)
You are occasionally teleported next to monsters.
Your spells are a little easier to cast, but a little less powerful.
Your movements are slightly less encumbered by armour. (ER -2)


Message History

The lich casts a spell at you.
You barely resist.
You have turned to stone.
The stone giant throws a large rock.
The large rock hits you!!
* * * LOW HITPOINT WARNING * * *
The lich touches you but does no damage.
The lich barely misses you.
The lich touches you but does no damage. x2
The lich points at you and mumbles some strange words.
The bolt of acid hits you!
* * * LOW HITPOINT WARNING * * *
The acid corrodes you!
You are splashed with acid!
The acid burns!
* * * LOW HITPOINT WARNING * * *
The lich touches you but does no damage. x2
The stone giant hits you!!
* * * LOW HITPOINT WARNING * * *
The lich touches you!
* * * LOW HITPOINT WARNING * * *
The lich gestures at you while chanting.
The bolt of acid hits you!
You die...

#...)........?...≈
.##.............§§..
......##...≈...§≈≈..
.......#.§(.....§§..
#...≈(.(........
#...≈.(.........
#.....##(........
#......#C........
#......L@........>§.
#.###...............
#..............≈...§
+..................≈
#....≈..............
#...§≈≈≈≈...........
#.....≈≈≈.....>.....
#.....≈≈≈...)....#
#.#.....<........#


You could see a stone giant and a lich.

Vanquished Creatures
  A lich (Depths:1)
  Rupert (D:12)
  Agnes (D:15)
  A frost giant (D:15)
  2 eidola (D:14)
  A minotaur (Lab)
  An ettin (Orc:2)
  A great orb of eyes (Depths:1)
  4 ogre magi
  A yaktaur captain (D:15)
  A rakshasa (D:15)
  Erolcha (D:9)
  A hydra (D:15)
  An ice dragon (D:15)
  A catoblepas (D:13)
  Erica (D:10)
  5 centaur warriors
  2 tengu warriors (D:15)
  21 two-headed ogres
  2 vampire magi
  An orc high priest (Orc:2)
  Sonja (D:12)
  Urug (D:10)
  7 skeletal warriors
  2 deep trolls (Orc:2)
  A wizard (D:12)
  2 phantasmal warriors (D:14)
  7 ugly things
  2 orc knights
  3 wolf spider zombies
  3 orc sorcerers
  2 deep elf magi (D:15)
  A manticore (D:15)
  Maurice (D:10)
  4 cyclopes
  Psyche (D:11)
  A molten gargoyle (D:14)
  2 gargoyles
  A komodo dragon (D:15)
  2 efreet
  A kobold demonologist (D:15)
  3 tengu conjurers
  13 trolls
  A harpy zombie (D:15)
  3 hippogriffs
  14 slime creatures
  4 flying skulls (D:14)
  2 meliai zombies
  2 redbacks (Lab)
  Sigmund (D:4)
  A spriggan (D:9)
  3 wyverns
  2 wraiths (D:14)
  A vampire (D:15)
  21 yaks
  A basilisk (D:14)
  7 vampire mosquitoes
  16 humans
  2 hungry ghosts
  A steam dragon (D:9)
  4 wargs
  2 soldier ants
  2 acid dragons
  A water moccasin (D:8)
  4 porcupines (D:8)
  3 sky beasts
  3 black bears
  A black bear (shapeshifter) (D:13)
  17 orc warriors
  5 ice beasts
  A phantom (D:7)
  2 necrophages
  24 ogres
  11 centaurs
  A crocodile (D:10)
  A big kobold (D:12)
  10 bullfrogs
  A water moccasin zombie (D:9)
  2 wyvern skeletons (D:14)
  24 killer bees
  2 scorpions
  7 wights
  10 crimson imps
  A bullfrog zombie (D:10)
  11 centaur zombies
  A quasit (D:6)
  A wyvern simulacrum (D:14)
  16 orc wizards
  19 orc priests
  4 hounds
  5 jellies
  4 bullfrog skeletons
  13 centaur skeletons
  An iguana (D:10)
  8 worker ants
  3 worker ant zombies
  12 adders
  4 gnolls (Bailey)
  A river rat (D:3)
  4 shadow imps
  2 white imps
  An ooze (D:5)
  2 adder skeletons
  3 adder zombies
  A worm (D:4)
  2 dart slugs (D:2)
  7 leopard geckos
  62 orcs
  6 bats
  4 giant cockroaches
  12 goblins
  9 hobgoblins
  12 jackals
  3 quokkas
  10 ball pythons
  4 frilled lizards
  27 kobolds
  A leopard gecko zombie (D:5)
  9 rats
  5 plants (Sewer)
622 creatures vanquished.

Vanquished Creatures (collateral kills)
  A hydra (D:12)
  An unseen horror (D:15)
2 creatures vanquished.

Vanquished Creatures (others)
  The ghost of Banto the Severer, a novice MiBe of Trog (D:9)
  A centaur zombie (D:14)
  A centaur skeleton (D:14)
  A troll (D:8)
  A yak (D:9)
  An ogre (D:5)
  A wyvern skeleton (D:14)
  2 hounds
  2 worker ants
  2 orcs
  5 fungi
  2 plants (Lab)
20 creatures vanquished.

Grand Total: 644 creatures vanquished

Notes
Turn   | Place    | Note
-------+----------+-------------------------------------------
     0 | D:1      | Banto the Minotaur Berserker began the quest for the Orb.
     0 | D:1      | Reached XP level 1. HP: 19/19 MP: 0/0
    77 | D:1      | Reached skill level 4 in Polearms
    88 | D:1      | Reached XP level 2. HP: 18/26 MP: 1/1
   586 | D:1      | Reached skill level 5 in Polearms
   627 | D:2      | Reached XP level 3. HP: 26/31 MP: 2/2
   731 | D:2      | Reached ** piety under Trog
  1359 | D:3      | Reached skill level 6 in Polearms
  1359 | D:3      | Reached XP level 4. HP: 31/39 MP: 3/3
  1447 | D:3      | Found a blossoming altar of Fedhas.
  1597 | D:3      | Found a shadowy altar of Dithmenos.
  1597 | D:3      | Found a stormy altar of Qazlal.
  1738 | D:3      | Found a glowing drain.
  1743 | D:3      | Reached skill level 7 in Polearms
  1743 | D:3      | Reached XP level 5. HP: 41/45 MP: 4/4
  1759 | Sewer    | Entered a sewer
  2318 | Sewer    | Reached *** piety under Trog
  3159 | D:4      | Found a staircase to the Ecumenical Temple.
  3171 | Temple   | Entered the Ecumenical Temple
  3188 | D:4      | Noticed Sigmund
  3192 | D:4      | Killed Sigmund
  3192 | D:4      | Reached skill level 8 in Polearms
  3192 | D:4      | Reached XP level 6. HP: 51/51 MP: 5/5
  3651 | D:4      | Reached skill level 9 in Polearms
  3775 | D:5      | Entered Level 5 of the Dungeon
  3855 | D:5      | Found Rofeuwn's Antique Armour Shoppe.
  3874 | D:5      | Found a shimmering altar of Xom.
  3878 | D:5      | Reached XP level 7. HP: 53/57 MP: 6/6
  3918 | D:5      | Reached skill level 10 in Polearms
  3953 | D:5      | Found Aqeirou's Distillery.
  4017 | D:5      | Bought a potion of degeneration for 15 gold pieces
  4019 | D:5      | Bought a potion of heal wounds for 75 gold pieces
  4019 | D:5      | Bought a potion of agility for 60 gold pieces
  4019 | D:5      | Bought a potion of brilliance for 60 gold pieces
  4106 | D:5      | Found Murph's Antique Armour Emporium.
  4235 | D:5      | Found Ratan's Book Boutique.
  4381 | D:5      | Found Nugy's Armour Boutique.
  4541 | D:6      | Got a smoking leather armour
  4624 | D:6      | Identified the +2 leather armour "Xianeot" {rF+ rN+} (You found it on level 6 of the Dungeon)
  4778 | D:6      | Found a glowing silver altar of Zin.
  4848 | D:6      | Reached skill level 11 in Polearms
  4955 | D:6      | Reached **** piety under Trog
  4975 | D:6      | Reached XP level 8. HP: 45/64 MP: 7/7
  5015 | D:6      | Found a sacrificial altar of Ru.
  5061 | D:6      | Reached skill level 12 in Polearms
  5461 | D:7      | Got a faintly humming cloak
  5480 | D:7      | Reached skill level 13 in Polearms
  5483 | D:7      | Got an iridescent spear
  5484 | D:7      | Identified the +7 spear of the Thing {distort, rF++} (You found it on level 7 of the Dungeon)
  5494 | D:7      | Identified the +2 cloak of Uskayaw's Reproof {rF+ rN+ MR- Dex+8} (You found it on level 7 of the Dungeon)
  5715 | D:7      | Reached XP level 9. HP: 53/70 MP: 8/8
  5725 | D:7      | Reached skill level 14 in Polearms
  6189 | D:8      | Found a staircase to the Lair.
  6212 | D:8      | Reached skill level 5 in Fighting
  6251 | D:8      | Found Reyxzebi's General Store.
  6258 | D:8      | Bought a scroll of identify for 22 gold pieces
  6259 | D:8      | Gained mutation: You are weak. (Str -2) [potion of mutation]
  6259 | D:8      | Gained mutation: You are frail. (-10% HP) [potion of mutation]
  6259 | D:8      | Lost mutation: You are frail. (-10% HP) [potion of mutation]
  6260 | D:8      | Lost mutation: You are weak. (Str -2) [potion of mutation]
  6260 | D:8      | Gained mutation: You are occasionally teleported next to monsters. [potion of mutation]
  6260 | D:8      | Gained mutation: You are resistant to hostile enchantments. (MR+) [potion of mutation]
  6261 | D:8      | Gained mutation: Your body sometimes deteriorates upon taking damage. [potion of mutation]
  6261 | D:8      | Gained mutation: Your natural rate of healing is unusually fast. [potion of mutation]
  6332 | D:8      | Gained mutation: Your mind is acute. (Int +2) [potion of mutation]
  6332 | D:8      | Gained mutation: Your muscles are strong. (Str +2) [potion of mutation]
  6409 | D:8      | Noticed a troll
  6410 | D:8      | Banished a troll
  6410 | D:8      | Reached skill level 5 in Armour
  6498 | D:8      | Reached ***** piety under Trog
  6543 | D:8      | Found an ancient bone altar of Kikubaaqudgha.
  6698 | D:8      | Reached skill level 5 in Dodging
  6739 | D:9      | Noticed Banto's ghost (novice MiBe)
  6819 | D:9      | Noticed Erolcha
  6831 | D:9      | Reached XP level 10. HP: 65/84 MP: 9/9
  6952 | D:9      | Noticed a two-headed ogre
  6958 | D:9      | Banished Banto's ghost
  6985 | D:9      | Killed a two-headed ogre
  6985 | D:9      | Received a gift from Trog
  6998 | D:9      | Got a jewelled chain mail
  7006 | D:9      | Cast into level 3 of the Abyss (a distortion unwield)
  7058 | D:9      | Escaped the Abyss
  7072 | D:9      | Identified the +7 chain mail of Vanity {rC++ Int+4} (You found it on level 9 of the Dungeon)
  7097 | D:9      | Killed Erolcha
  7181 | D:9      | Lost mutation: Your muscles are strong. (Str +2) [potion of cure mutation]
  7181 | D:9      | Lost mutation: Your mind is acute. (Int +2) [potion of cure mutation]
  7181 | D:9      | Lost mutation: You are resistant to hostile enchantments. (MR+) [potion of cure mutation]
  7181 | D:9      | Lost mutation: Your body sometimes deteriorates upon taking damage. [potion of cure mutation]
  7320 | D:10     | Entered Level 10 of the Dungeon
  7356 | D:10     | Gained mutation: You are partially covered in molten scales. (AC +2) [mutagenic meat]
  7562 | D:10     | Noticed Maurice
  7566 | D:10     | Reached XP level 11. HP: 97/97 MP: 3/10
  7578 | D:10     | Killed Maurice
  7600 | D:10     | Gained mutation: You are resistant to hostile enchantments. (MR+) [mutagenic meat]
  7601 | D:10     | Gained mutation: You tend to lose your temper in combat. [mutagenic meat]
  7602 | D:10     | Lost mutation: Your natural rate of healing is unusually fast. [mutagenic meat]
  7622 | D:10     | Noticed Erica
  7626 | D:10     | Found a flagged portal.
  7629 | D:10     | Killed Erica
  7639 | Bailey   | Entered a bailey
  7995 | D:10     | Found a stormy altar of Qazlal.
  8027 | D:10     | Noticed Urug
  8035 | D:10     | Killed Urug
  8334 | D:11     | Reached skill level 10 in Armour
  8360 | D:11     | Found a labyrinth entrance.
  8369 | D:11     | Reached skill level 10 in Fighting
  8400 | D:11     | Noticed a two-headed ogre
  8411 | D:11     | Killed a two-headed ogre
  8430 | Lab      | Entered a labyrinth
  9132 | Lab      | Noticed a minotaur
  9141 | Lab      | Killed a minotaur
  9553 | D:11     | Noticed Psyche
  9561 | D:11     | Killed Psyche
  9733 | D:12     | Noticed a brown ugly thing
  9739 | D:12     | Killed a brown ugly thing
  9739 | D:12     | Reached skill level 10 in Dodging
  9748 | D:12     | Noticed Sonja
  9772 | D:12     | Received a gift from Trog
  9773 | D:12     | Reached XP level 12. HP: 61/110 MP: 3/11
  9784 | D:12     | Killed Sonja
 10119 | D:12     | Found a staircase to the Orcish Mines.
 10164 | D:12     | Noticed a two-headed ogre
 10174 | D:12     | Killed a two-headed ogre
 10205 | D:12     | Noticed an eight-headed hydra
 10221 | D:12     | Killed an eight-headed hydra
 10766 | D:13     | Noticed Rupert
 10766 | D:13     | Noticed a centaur warrior
 10783 | D:12     | Noticed a two-headed ogre
 10791 | D:12     | Killed a two-headed ogre
 10853 | D:12     | Killed a centaur warrior
 10854 | D:12     | Received a gift from Trog
 10977 | D:12     | Killed Rupert
 11060 | D:13     | Found a gate to the Vaults.
 11108 | D:13     | Noticed a centaur warrior
 11118 | D:13     | Killed a centaur warrior
 11147 | D:13     | Reached XP level 13. HP: 118/122 MP: 4/12
 11873 | D:14     | Reached skill level 15 in Polearms
 12235 | D:14     | Reached skill level 16 in Polearms
 12624 | D:14     | Reached skill level 17 in Polearms
 13053 | D:14     | Received a gift from Trog
 13136 | D:14     | Reached skill level 18 in Polearms
 13207 | D:14     | Noticed an eidolon
 13210 | D:14     | Killed an eidolon
 13210 | D:14     | Reached XP level 14. HP: 129/129 MP: 13/13
 13509 | D:15     | Entered Level 15 of the Dungeon
 13514 | D:15     | Reached ****** piety under Trog
 13601 | D:15     | Received a gift from Trog
 13626 | D:15     | Found Haruo's Armour Boutique.
 13651 | D:15     | Reached skill level 19 in Polearms
 13934 | D:15     | Noticed Agnes
 13945 | D:15     | Killed Agnes
 14095 | D:15     | Gained mutation: You are clumsy. (Dex -2) [potion of mutation]
 14160 | D:15     | Paralysed by an orc sorcerer for 4 turns
 14166 | D:15     | Reached skill level 20 in Polearms
 14312 | D:15     | Gained mutation: You are partially covered in yellow scales. (AC +2) [mutagenic meat]
 14314 | D:15     | Gained mutation: Scrolls take you a little longer to read. [mutagenic meat]
 14315 | D:15     | Gained mutation: You have large cloven feet. [mutagenic meat]
 14316 | D:15     | Gained mutation: Your spells are a little easier to cast, but a little less powerful. [mutagenic meat]
 14317 | D:15     | Gained mutation: Your movements are slightly less encumbered by armour. (ER -2) [mutagenic meat]
 14504 | D:15     | Found a staircase to the Depths.
 14927 | D:13     | Reached skill level 21 in Polearms
 14987 | Orc:1    | Entered Level 1 of the Orcish Mines
 15045 | Orc:1    | Found Touliat's Quality Used Wands.
 15058 | Orc:1    | Found Dudarroh's Antique Weapon Emporium.
 15249 | Orc:2    | Entered Level 2 of the Orcish Mines
 15259 | Orc:2    | Received a gift from Trog
 15268 | Orc:2    | Found a staircase to the Elven Halls.
 15270 | Orc:2    | Found Qamotoepp's Antique Weapon Boutique.
 15286 | Orc:2    | Reached XP level 15. HP: 135/135 MP: 14/14
 15499 | Orc:2    | Reached skill level 22 in Polearms
 15701 | Orc:2    | Found Xaimaf's Gadget Shop.
 15705 | Orc:2    | Found Ywaanted's Gadget Shoppe.
 15711 | Orc:2    | Found Zaloitih's Weapon Boutique.
 15712 | Orc:2    | Found Suapsex's Gadget Boutique.
 15731 | Orc:2    | Bought a wand of hasting (4/9) for 720 gold pieces
 15731 | Orc:2    | Bought a wand of teleportation (8/9) for 540 gold pieces
 16000 | Orc:1    | Paralysed by an orc sorcerer for 7 turns
 16344 | Depths:1 | Entered Level 1 of the Depths
 16344 | Depths:1 | Noticed a lich
 16428 | Depths:1 | Noticed a frost giant
 16438 | Depths:1 | Paralysed by a lich for 3 turns
 16634 | D:15     | Killed a frost giant
 16880 | Depths:1 | Paralysed by a lich for 5 turns
 17186 | Depths:1 | Killed a lich
 17186 | Depths:1 | Received a gift from Trog
 17388 | Depths:1 | Noticed a lich
 17402 | Depths:1 | HP: 3/136 [lich (4)]
 17403 | Depths:1 | Killed from afar by a lich

Vault maps used:
D:1:      nicolae_arrival_somewhat_less_tricky_arrival
D:3:      overflow_temple_1_default, gammafunk_temple_overflow_elements,
          first_bread, portal_sewer_entry_e
D:4:      uniq_sigmund
D:5:      xom_confusion_cloud, serial_shops, shop_statue,
          nicolae_shop_statue_plus, nicolae_shop_overgrown_old_shop,
          kennysheep_little_box, nicolae_shop_crystal, grunt_ministairs_2,
          minivault_27
D:6:      nicolae_ru_sacrificial_ziggurat, lemuel_doored_altar
D:8:      kiku_gazebo_garden_becter, due_lair_maze_entry_diamond, serial_shops,
          shop
D:9:      grunt_pizzeria, uniq_erolcha
D:10:     enter_bailey_2, nicolae_qazlal_eye_of_the_storm, uniq_erica,
          uniq_maurice, uniq_urug
D:11:     lab_entry_generic, uniq_psyche
D:12:     orc_0_dummy, uniq_sonja
D:13:     david_vaults_3
D:14:     hangedman_screamer, serial_park_gazebo, minmay_door_square,
          nrook_mini_backslash, small_chamber_with_monster,
          kennysheep_opposing_triangles
D:15:     grunt_enter_depths_snipers, serial_shops, shop_statue, uniq_agnes
Temple:   eino_temple_lava
Orc:1:    serial_shops, shop_fountains, nicolae_for_you_no_charge
Orc:2:    st_orc_open, serial_shops, nicolae_shop_trees
Depths:1: pf_hell_entry_tar_river, minmay_misc_feat_chi,
          roderic_serpentine_path, minmay_holes, serial_sigils_hangedman_shear,
          spider_trap, kennysheep_generic_room_16
Abyss:3:  guppyfry_abyss_exit_imp_island
Lab:      nicolae_lab_garden
Sewer:    sewer_co_scattered_pipes
Bailey:   bailey_axe_4, bailey

Skill      XL: |  1  2  3  4  5  6  7  8  9 10 11 12 13 14 15 |
---------------+----------------------------------------------+-----
Polearms       | 4 5 6 7 8 9 11 13 14 18 21 22 | 22.4
Fighting       | 6 9 11 13 | 13.2
Armour         | 6 9 11 13 | 13.3
Dodging        | 5 7 10 11 12 | 12.1

Action                   |  1- 3 |  4- 6 |  7- 9 | 10-12 | 13-15 || total
-------------------------+-------+-------+-------+-------+-------++-------
Melee: Spear             |    16 |       |   153 |    41 |       ||   210
       Dagger            |    63 |   169 |    72 |       |       ||   304
       Headbutt          |     7 |    55 |    56 |   115 |   209 ||   442
       Halberd           |       |       |    53 |       |       ||    53
       Glaive            |       |       |       |   359 |   125 ||   484
       Bardiche          |       |       |       |       |   562 ||   562
Invok: Berserk           |     1 |       |       |     6 |     5 ||    12
       Burn Spellbooks   |       |     1 |       |     1 |     1 ||     3
       Brothers in Arms  |       |       |       |     2 |     1 ||     3
Evoke: Wand              |       |       |       |     9 |     1 ||    10
  Use: Scroll            |       |    13 |     6 |     3 |     2 ||    24
       Potion            |       |       |     4 |     3 |     1 ||     8
 Stab: Sleeping          |     1 |     1 |       |       |       ||     2
  Eat: Chunk             |       |    11 |     9 |    23 |    34 ||    77
       Pizza             |       |       |       |     2 |       ||     2
Armor: Animal skin       |     8 |    17 |       |       |       ||    25
       Chain mail        |       |    15 |    64 |   247 |   289 ||   615
       Skin              |       |       |     1 |       |       ||     1
Dodge: Dodged            |    55 |    77 |    55 |   438 |   527 ||  1152

Table legend:
 A = Turns spent in this place as a percentage of turns spent in the entire game.
 B = Non-inter-level travel turns spent in this place as a percentage of non-inter-level travel turns spent in the entire game.
 C = Inter-level travel turns spent in this place as a percentage of turns spent in this place.
 D = Turns resting spent in this place as a percentage of non-inter-level travel turns spent in this place.
 E = Turns spent auto-exploring this place as a percentage of non-inter-level travel turns spent in this place.
 F = Non-inter-level travel turns spent in this place divided by the number of levels of this place that you've seen.
                   A       B       C       D       E      F
               +-------+-------+-------+-------+-------+----------------------
         Total | 100.0 | 100.0 |   0.6 |   3.0 |  10.6 | 249.1
       Dungeon |  69.7 |  69.7 |   0.7 |   3.5 |  12.6 | 266.2
        Temple |   0.0 |   0.0 |   0.0 |   0.0 |   0.0 |   1.0
  Orcish Mines |   7.4 |   7.4 |   1.6 |   3.3 |  16.6 | 211.0
        Depths |   1.1 |   1.1 |   0.0 |  10.8 |   3.1 |  65.0
         Abyss |   1.0 |   1.0 |   0.0 |   0.0 |   0.0 |  57.0
     Labyrinth |  11.6 |  11.7 |   0.0 |   0.0 |   0.0 | 669.0
         Sewer |   4.2 |   4.2 |   0.0 |   5.0 |   8.8 | 240.0
        Bailey |   4.9 |   4.9 |   0.0 |   0.0 |   2.8 | 283.0
               +-------+-------+-------+-------+-------+----------------------

Table legend:
 A = Kills in this place as a percentage of kills in entire the game.
 B = Kills by you in this place as a percentage of kills by you in the entire game.
 C = Kills by friends in this place as a percentage of kills by friends in the entire game.
 D = Other kills in this place as a percentage of other kills in the entire game.
 E = Experience gained in this place as a percentage of experience gained in the entire game.
 F = Experience gained in this place divided by the number of levels of this place that you have seen.
                   A       B       C       D       E      F
               +-------+-------+-------+-------+-------+----------------------
         Total | 100.0 | 100.0 | 100.0 | 100.0 | 100.0 | 5686.1
       Dungeon |  75.6 |  75.4 | 100.0 | 100.0 |  77.9 | 6787.9
  Orcish Mines |  16.3 |  16.5 |   0.0 |   0.0 |  17.1 | 11169.0
        Depths |   0.3 |   0.3 |   0.0 |   0.0 |   3.3 | 4321.0
         Abyss |   0.3 |   0.3 |   0.0 |   0.0 |   0.0 |  60.0
     Labyrinth |   0.5 |   0.5 |   0.0 |   0.0 |   1.2 | 1577.0
         Sewer |   2.7 |   2.8 |   0.0 |   0.0 |   0.0 |  60.0
        Bailey |   4.2 |   4.2 |   0.0 |   0.0 |   0.5 | 606.0
               +-------+-------+-------+-------+-------+----------------------
